 Dungeon Crawl Stone Soup version 0.29.1-2-gbd0b4ee654 (webtiles) character file.

Game seed: 5747576133292550057

37 GorkyZ the Chopper (level 3, -2/28 HPs)
             Began as a Formicid Gladiator on Nov 20, 2022.
             Slain by a gnoll
             ... wielding a +0 whip
              (5 damage)
             ... on level 2 of the Dungeon.
             The game lasted 00:02:42 (1318 turns).

GorkyZ the Chopper (Formicid Gladiator)             Turns: 1318, Time: 00:02:42

Health: -2/28      AC:  3    Str: 20    XL:     3   Next: 62%
Magic:  3/3        EV: 12    Int:  7    God:
Gold:   113        SH:  0    Dex: 15    Spells: 2/2 levels left

rFire   . . .      SeeInvis +   a - +0 war axe
rCold   . . .      Faith    .   (no shield)
rNeg    . . .      Spirit   .   b - +0 leather armour
rPois   .          Reflect  .   (helmet unavailable)
rElec   .          Harm     .   (no cloak)
rCorr   .          Rampage  .   (no gloves)
Will    .....                   (no boots)
Stlth   +.........              (no amulet)
HPRegen 0.09/turn               (no ring)
MPRegen 0.08/turn               (no ring)

@: no status effects
A: permanent stasis, dig shafts and tunnels, antennae 3, four strong arms
a: Dig, Shaft Self


You were on level 2 of the Dungeon.
You visited 1 branch of the dungeon, and saw 2 of its levels.

You collected 113 gold pieces.

Inventory:

Hand Weapons
 a - a +0 war axe (weapon)
Missiles
 c - 3 throwing nets (quivered)
 d - a javelin
Armour
 b - a +0 leather armour (worn)
Jewellery
 j - a ring of ice
Scrolls
 f - a scroll of teleportation {unknown}
 g - a scroll of amnesia {unknown}
 i - a scroll of magic mapping {unknown}
Potions
 e - 2 potions of magic {unknown}
 h - a potion of heal wounds {unknown}


   Skills:
 + Level 2.6 Fighting
 + Level 3.2 Axes
 + Level 2.3 Throwing
 + Level 1.0 Armour
 - Level 2.6 Dodging
 + Level 1.3 Shields
 + Level 1.0 Evocations


You had 2 spell levels left.
You didn't know any spells.
Your spell library contained the following spells:

 Spells                   Type           Power      Damage    Failure   Level
 Magic Dart               Conj           0%         1d3       50%         1
 Searing Ray              Conj           0%         2d4       63%         2
 Ignite Poison            Fire/Tmut/Pois 0%         N/A       86%         3
 Mephitic Cloud           Conj/Pois/Air  0%         N/A       86%         3
 Fulminant Prism          Conj/Hex       0%         3d6       99%         4
 Freezing Cloud           Conj/Ice/Air   0%         6-21      100%        5


Dungeon Overview and Level Annotations

Branches:
Dungeon (2/15)

Altars:


Innate Abilities, Weirdness & Mutations

You cannot be hasted, slowed, berserked, paralysed or teleported.
You can dig through walls and to a lower floor.
You have a pair of large antennae on your head. (SInv)
Your four strong arms can wield two-handed weapons with a shield.


Message History

You hit the giant cockroach.
The giant cockroach is heavily wounded.
The giant cockroach bites you but does no damage.
The giant cockroach bites you.
You closely miss the giant cockroach.
The giant cockroach is heavily wounded.
The giant cockroach bites you but does no damage.
The giant cockroach bites you.
You slash the giant cockroach!
You kill the giant cockroach!
No target in view!
No target in view!
No target in view!
No target in view!
No target in view!
No target in view!
HP restored.
A gnoll comes into view. It is wielding a +0 whip.
The gnoll shouts!
You hear a shout!
A gnoll comes into view. It is wielding a +0 spear.
A gnoll comes into view. It is wielding a +0 flail.
Unknown command.
Unknown command.
A gnoll comes into view. It is wielding a +0 club.
The gnoll shouts!
The gnoll attacks as you move away! The gnoll hits you with a +0 whip!
You barely miss the gnoll. x2; The gnoll misses you.
The gnoll barely misses you. The gnoll closely misses you.
The gnoll hits you from afar with a +0 spear.
The gnoll hits you with a +0 whip.
You hit the gnoll but do no damage. You hit the gnoll.
The gnoll barely misses you.
The gnoll hits you from afar with a +0 spear.
The gnoll hits you with a +0 whip.
* * * LOW HITPOINT WARNING * * *
You barely miss the gnoll. You hit the gnoll.
The gnoll hits you with a +0 club.
* * * LOW HITPOINT WARNING * * *
The gnoll barely misses you. The gnoll hits you with a +0 whip.
You die...

.. ....########.##
........g@g...# .#
#######g####.##
.........g........
#.########g####.#.
#.##...#.....##
#.#...........g.#
#..............##
#####......(.......#
........†..........#


You could see 4 gnolls.

Vanquished Creatures
  3 ball pythons (D:1)
  3 bats
  4 endoplasms (D:1)
  2 giant cockroaches
  5 hobgoblins (D:1)
  5 jackals (D:1)
  6 kobolds (D:1)
  4 rats (D:1)
32 creatures vanquished.

Notes
Turn   | Place    | Note
-------+----------+-------------------------------------------
     0 | D:1      | GorkyZ the Formicid Gladiator began the quest for the Orb.
     0 | D:1      | Reached XP level 1. HP: 16/16 MP: 1/1
   161 | D:1      | Reached XP level 2. HP: 23/23 MP: 2/2
   186 | D:1      | Found a faded altar of an unknown god.
   366 | D:1      | Reached skill level 1 in Shields
   553 | D:1      | Reached XP level 3. HP: 25/28 MP: 3/3
   830 | D:1      | Reached skill level 1 in Armour
  1236 | D:2      | Reached skill level 1 in Evocations
  1318 | D:2      | Slain by a gnoll

Illustrated notes

Levels and vault maps discovered:
D:1:      ebering_hopf_link, layout_basic, hellmonk_ecumenical_altar_zigzags,
          chequers_serial_rivers_marsh, minmay_pentomino_s4
D:2:      minmay_razor_zed, layout_rooms, basic_altar

Skill      XL: |  1  2  3 |
---------------+----------+-----
Shields        | 1 |  1.3
Armour         | 1 |  1.0
Evocations     | 1 |  1.0
Fighting       | |  2.6
Axes           | |  3.2
Throwing       | |  2.3
Dodging        | |  2.6

Action                   || total
-------------------------++-------
Melee: War axe           ||    72
Armor: Leather armour    ||    24
Dodge: Dodged            ||    55
